 Dungeon Crawl Stone Soup version 0.28-a0-726-g4a9143789a (webtiles) character file.

Game seed: 4467486366442828406

1691 bande the Cleaver (level 9, -5/55 HPs)
             Began as a Gargoyle Fighter on Oct 27, 2021.
             Slain by BigDaddyOpFi's ghost (11 damage)
             ... on level 5 of the Dungeon.
             The game lasted 00:12:22 (6233 turns).

bande the Cleaver (Gargoyle Fighter)                Turns: 6233, Time: 00:12:23

Health: -5/55      AC: 18    Str: 21      XL:     9   Next: 2%
Magic:  9/9        EV: 12    Int:  9      God:
Gold:   230        SH:  4    Dex: 10 (11) Spells: 8/8 levels left

rFire   . . .      SeeInvis .   a - +1 war axe (vorpal)
rCold   . . .      Faith    .   c - +0 buckler
rNeg    + . .      Spirit   .   l - +2 chain mail {Will+}
rPois   ∞          Reflect  .   (no helmet)
rElec   +          Harm     .   (no cloak)
rCorr   .          Rampage  .   (no gloves)
Will    +....                   (no boots)
Stlth   ..........              (no amulet)
HPRegen 0.18/turn               p - +4 ring of evasion
MPRegen 0.11/turn               (no ring)

@: no status effects
A: sickness immunity, AC +6, negative energy resistance 1, electricity
resistance, torment resistance 1, petrification resistance, deterioration 1,
wild magic 1
a: no special abilities


You were on level 5 of the Dungeon.
You visited 2 branches of the dungeon, and saw 6 of its levels.

You collected 230 gold pieces.

Inventory:

Hand Weapons
 a - a +1 vorpal war axe (weapon)
 n - a +0 flail
Armour
 c - a +0 buckler (worn)
 l - a +2 chain mail of willpower (worn)
Jewellery
 d - a ring of flight
 p - a +4 ring of evasion (left hand)
Scrolls
 f - a scroll of identify
 g - a scroll of amnesia
Potions
 b - a potion of curing
 e - a potion of magic
 h - 2 potions of brilliance
 i - a potion of resistance
 k - 3 potions of flight


   Skills:
 + Level 6.1 Fighting
 + Level 8.0 Axes
 + Level 6.0 Armour
 + Level 4.4 Shields


You had 8 spell levels left.
You didn't know any spells.
Your spell library contained the following spells:

 Spells                   Type           Power      Damage    Failure   Level
 Ensorcelled Hibernation  Hex/Ice        0%         N/A       99%         2
 Ignite Poison            Fire/Tmut/Pois 0%         N/A       100%        3
 Mephitic Cloud           Conj/Pois/Air  0%         N/A       100%        3
 Portal Projectile        Hex/Tloc       0%         N/A       100%        3
 Spider Form              Tmut/Pois      0%         N/A       100%        3
 Blade Hands              Tmut           0%         N/A       100%        5
 Excruciating Wounds      Necr           0%         N/A       100%        5
 Freezing Cloud           Conj/Ice/Air   0%         6-21      100%        5


Dungeon Overview and Level Annotations

Branches:
Dungeon (5/15)             Temple (1/1) D:4

Altars:
Ashenzari
Cheibriados
Elyvilon
Fedhas
Gozag
Hepliaklqana
Kikubaaqudgha
Makhleb
Nemelex Xobeh
Qazlal
Ru
Sif Muna
Trog
Vehumet
Xom
Zin
The Shining One

Shops:
D:3 (*(*(

Annotations:
D:5 1 transporter, BigDaddyOpFi's ghost, novice GrFi


Innate Abilities, Weirdness & Mutations

You are immune to sickness and miasma.
Your stone body is resilient. (AC +6)
You are immune to poison.
You resist negative energy. (rN+)
You are resistant to electric shocks. (rElec)
You are resistant to unholy torment.
You are immune to petrification.
Your body sometimes deteriorates upon taking damage.
Your spells are a little harder to cast, but a little more powerful.


Message History

You hit BigDaddyOpFi's ghost.
BigDaddyOpFi's ghost is moderately damaged.
You closely miss the killer bee zombie. You closely miss the wight.
You slash the water moccasin zombie!
The killer bee zombie barely misses you.
BigDaddyOpFi's ghost hits you.
Your body deteriorates!
You feel clumsy.
The water moccasin zombie barely misses you.
The wight misses you.
The killer bee zombie hits you but does no damage.
You barely miss BigDaddyOpFi's ghost.
BigDaddyOpFi's ghost is moderately damaged.
You hit the killer bee zombie. You slash the wight!
You slash the water moccasin zombie!
You destroy the water moccasin zombie!
The killer bee zombie closely misses you.
BigDaddyOpFi's ghost hits you! The wight hits you but does no damage.
The killer bee zombie hits you.
Your Armour skill increases to level 6!
You hit BigDaddyOpFi's ghost.
BigDaddyOpFi's ghost is moderately damaged.
You slash the bullfrog skeleton! You hit the wight.
You destroy the wight!
You hit the killer bee zombie.
You destroy the killer bee zombie!
BigDaddyOpFi's ghost hits you!
* * * LOW HITPOINT WARNING * * *
The bullfrog skeleton barely misses you.
Your Axes skill increases to level 8!
You have reached level 9!
Your experience leads to an increase in your attributes!
Your base attributes are Str 21, Int 9, Dex 10.
Increase (S)trength, (I)ntelligence, or (D)exterity?
You feel agile.
You hit BigDaddyOpFi's ghost but do no damage.
BigDaddyOpFi's ghost is moderately damaged.
You barely miss the bullfrog skeleton.
The bullfrog skeleton closely misses you.
BigDaddyOpFi's ghost hits you!
You die...

####. ##.#.. ####
#######..... ##..##
##.##..#.....
#######....###..#.........
#.........................
#........©.............#..
#..#############..........
#..#©...[@W....#..........
#..#.....)Z....#..<.......
#..#..##...##..#..........
#..#..#8...8#..#..........
#..#..##...##..#..........
#..#.....©.....#..........
#..#..##...##W.#...#.....#
##..#..#8...8#..#..........
#...#..##...##..#..#....(..


You could see BigDaddyOpFi's ghost and a bullfrog skeleton.

Vanquished Creatures
  Grinder (D:2)
  Sigmund (D:3)
  Duvessa (D:5)
  An ice beast (D:5)
  2 necrophages (D:5)
  A sky beast (D:4)
  A kobold brigand (D:5)
  A bullfrog (D:5)
  2 scorpions
  Dowan (D:5)
  A water moccasin zombie (D:5)
  A wight (D:5)
  A centaur zombie (D:5)
  A hound (D:5)
  2 orc priests
  A jelly (D:5)
  A bullfrog skeleton (D:3)
  An iguana (D:4)
  3 orc wizards (D:5)
  A killer bee zombie (D:5)
  A howler monkey zombie (D:5)
  4 adders
  An ufetubus (D:5)
  5 worms
  15 orcs
  6 bats
  8 endoplasms
  3 giant cockroaches
  9 goblins
  2 hobgoblins (D:3)
  4 jackals (D:1)
  8 quokkas
  8 ball pythons
  6 frilled lizards
  A jackal skeleton (D:4)
  12 kobolds
  5 rats
123 creatures vanquished.

Vanquished Creatures (others)
  2 plants (D:1)
2 creatures vanquished.

Grand Total: 125 creatures vanquished

Notes
Turn   | Place    | Note
-------+----------+-------------------------------------------
     0 | D:1      | bande the Gargoyle Fighter began the quest for the Orb.
     0 | D:1      | Reached XP level 1. HP: 14/14 MP: 1/1
    42 | D:1      | Reached XP level 2. HP: 9/19 MP: 2/2
   307 | D:1      | Reached skill level 2 in Axes
   792 | D:2      | Found a faded altar of an unknown god.
   802 | D:2      | Reached XP level 3. HP: 17/23 MP: 3/3
  1910 | D:3      | Noticed Grinder
  1922 | D:2      | Reached XP level 4. HP: 29/29 MP: 4/4
  1948 | D:3      | Paralysed by Grinder for 5 turns
  1964 | D:2      | Paralysed by Grinder for 2 turns
  1971 | D:2      | Paralysed by Grinder for 7 turns
  2258 | D:2      | Paralysed by Grinder for 4 turns
  2278 | D:2      | Paralysed by Grinder for 2 turns
  2314 | D:3      | Reached skill level 3 in Axes
  2710 | D:3      | Found Sory's Antique Weapon Shoppe.
  2734 | D:2      | Paralysed by Grinder for 2 turns
  2762 | D:2      | Killed Grinder
  2763 | D:2      | Reached skill level 4 in Axes
  2763 | D:2      | Reached XP level 5. HP: 33/33 MP: 5/5
  2763 | D:2      | Reached XP level 6. HP: 38/38 MP: 6/6
  3163 | D:3      | Found Ogriul's Antique Weapon Shoppe.
  3307 | D:3      | Found Puczil's General Store.
  3351 | D:3      | Noticed Sigmund
  3360 | D:3      | Killed Sigmund
  3361 | D:3      | Reached skill level 5 in Axes
  3361 | D:3      | Reached XP level 7. HP: 31/44 MP: 7/7
  3560 | D:3      | Found a sacrificial altar of Ru.
  3588 | D:3      | Found Nucs's Antique Weapon Boutique.
  3896 | D:3      | Found Tapho's General Store.
  4413 | D:4      | Reached skill level 5 in Armour
  4445 | D:4      | Reached skill level 5 in Fighting
  4760 | D:4      | Found a blossoming altar of Fedhas.
  4819 | D:4      | Reached skill level 6 in Axes
  4954 | D:4      | Found a staircase to the Ecumenical Temple.
  4964 | Temple   | Entered the Ecumenical Temple
  5195 | D:5      | Entered Level 5 of the Dungeon
  5212 | D:5      | Reached XP level 8. HP: 43/49 MP: 8/8
  5359 | D:5      | Noticed Dowan
  5360 | D:5      | Noticed Duvessa
  5368 | D:5      | Killed Duvessa
  5369 | D:5      | Reached skill level 7 in Axes
  5372 | D:5      | Killed Dowan
  6028 | D:5      | Found a transporter.
  6031 | D:5      | Noticed BigDaddyOpFi's ghost (novice GrFi)
  6032 | D:5      | Found a transporter.
  6223 | D:5      | Gained mutation: Your body sometimes deteriorates upon
                  | taking damage. [potion of mutation]
  6223 | D:5      | Gained mutation: Your spells are a little harder to cast,
                  | but a little more powerful. [potion of mutation]
  6233 | D:5      | Reached skill level 8 in Axes
  6233 | D:5      | Reached XP level 9. HP: 6/55 MP: 9/9
  6233 | D:5      | Slain by BigDaddyOpFi's ghost

Illustrated notes

Levels and vault maps discovered:
D:1:      roderic_crossed_star, layout_rooms, serial_bayou_pond_a,
          skrybe_limestone_x, minmay_shallow_snake_nest
D:2:      layout_loops_ring, basic_ecumenical_altar
D:3:      minmay_angry_zag, layout_basic, hangedman_ru_absence, serial_shops,
          shop, nicolae_diamond_shop, nicolae_lakefront_shop,
          nicolae_shop_stone, nicolae_shop_waterfront, grunt_ministairs_5,
          uniq_sigmund, uniq_grinder
D:4:      layout_basic, lemuel_doored_altar, temple_hall
D:5:      layout_cave_pools, gammafunk_ghost_mausoleum, uniq_duvessa
Temple:   regret_index_temple_waves

Skill      XL: |  1  2  3  4  5  6  7  8 |
---------------+-------------------------+-----
Axes           | 2 4 5 6 8 |  8.0
Fighting       | 4 5 6 |  6.1
Armour         | 4 5 6 |  6.0
Shields        | 4 |  4.4

Action                   |  1- 3 |  4- 6 |  7- 9 || total
-------------------------+-------+-------+-------++-------
Melee: War axe           |   134 |   108 |   183 ||   425
  Use: Scroll            |     4 |       |    10 ||    14
       Potion            |       |     4 |     2 ||     6
Armor: Scale mail        |    92 |    42 |    61 ||   195
       Chain mail        |       |       |    51 ||    51
Dodge: Dodged            |    66 |    50 |   131 ||   247
Block: Buckler           |    40 |    15 |    50 ||   105

Table legend: (Time is in decaauts)
 A = Elapsed time spent in this place.
 B = Non-inter-level travel time spent in this place.
 C = Inter-level travel time spent in this place.
 D = Time resting spent in this place.
 E = Time spent auto-exploring this place.
 F = Levels seen in this place.
 G = Mean time per level.
                   A        B        C        D        E       F      G
               +--------+--------+--------+--------+--------+-----+--------+
         Total |   6366 |   6278 |     88 |   2097 |   2707 |   6 | 1061.0 |
       Dungeon |   6209 |   6196 |     13 |   2097 |   2649 |   5 | 1241.8 |
        Temple |    156 |     81 |     75 |      0 |     58 |   1 |  156.0 |
               +--------+--------+--------+--------+--------+-----+--------+

Top non-repeatable levels by time:
     D:3: 1669 daAuts
     D:2: 1668 daAuts
     D:5: 1052 daAuts
     D:4: 1035 daAuts
     D:1: 784 daAuts
  Temple: 156 daAuts
